 Dungeon Crawl Stone Soup version 0.28-a0-1159-g27aa881441 (webtiles) character file.

Game seed: 5629595918609379482

58 ChaosChampion the Magician (level 3, 0/19 HPs)
             Began as a Deep Elf Conjurer on Dec 15, 2021.
             Slain by a gnoll (4 damage)
             ... on level 3 of the Dungeon.
             The game lasted 00:01:28 (2066 turns).

ChaosChampion the Magician (Deep Elf Conjurer)      Turns: 2066, Time: 00:01:29

Health: 0/19       AC:  3    Str:  4    XL:     3   Next: 76%
Magic:  3/11       EV:  6    Int: 24    God:
Gold:   103        SH:  0    Dex: 13    Spells: 9/12 levels left

rFire   . . .      SeeInvis .   (no weapon)
rCold   . . .      Faith    .   (no shield)
rNeg    . . .      Spirit   .   a - +0 robe
rPois   .          Reflect  .   (no helmet)
rElec   .          Harm     .   (no cloak)
rCorr   .          Rampage  .   (no gloves)
Will    +....                   i - +0 pair of boots
Stlth   ++........              (no amulet)
HPRegen 0.06/turn               g - ring of willpower
MPRegen 0.12/turn               (no ring)

@: held
A: no striking features
a: no special abilities


You were on level 3 of the Dungeon.
You visited 1 branch of the dungeon, and saw 3 of its levels.

You collected 103 gold pieces.

Inventory:

Armour
 a - a +0 robe (worn)
 i - a +0 pair of boots (worn)
Jewellery
 g - a ring of willpower (left hand)
Scrolls
 d - 2 scrolls of identify {unknown}
 j - a scroll of noise {unknown}
Potions
 b - 4 potions of heal wounds {unknown}
 c - a potion of haste {unknown}
 e - 2 potions of curing {unknown}
 f - a potion of brilliance {unknown}
 h - a potion of lignification {unknown}


   Skills:
 - Level 2.4 Dodging
 - Level 2.4 Stealth
 * Level 5.0 Spellcasting
 + Level 5.0 Conjurations


You had 9 spell levels left.
You knew the following spells:

 Your Spells              Type           Power      Damage    Failure   Level
a - Magic Dart            Conj           100%       1d8       1%          1
b - Searing Ray           Conj           60%        2d6       1%          2

Your spell library contained the following spells:

 Spells                   Type           Power      Damage    Failure   Level
 Summon Small Mammal      Summ           24%        N/A       9%          1
 Dazzling Flash           Conj/Hex       36%        N/A       10%         3
 Call Canine Familiar     Summ           6%         N/A       26%         3
 Summon Guardian Golem    Hex/Summ       6%         N/A       26%         3
 Fulminant Prism          Conj/Hex       9%         3d7       30%         4
 Iskenderun's Mystic Bla  Conj/Tloc      18%        2d6       30%         4


Dungeon Overview and Level Annotations

Branches:
Dungeon (3/15)

Altars:


Message History

Casting: Magic Dart (safe; 1% risk of failure)
Confirm with . or Enter, or press ? or * to list all spells.
Aiming: Magic Dart (safe; 1% risk of failure)
Press: ? - help, Shift-Dir - straight line, f/p - gnoll
Aim: a gnoll, wielding a +0 whip and quivering a throwing net (heavily wounded, 100% to hit)
The magic dart hits the gnoll.
The gnoll is severely wounded.
The gnoll throws a throwing net.
The throwing net hits you.
You become entangled in the net!
Casting: Magic Dart (safe; 1% risk of failure)
Confirm with . or Enter, or press ? or * to list all spells.
Aiming: Searing Ray (safe; 1% risk of failure)
Press: ? - help, Shift-Dir - straight line, f/p - gnoll
Aim: a gnoll, wielding a +0 whip (severely wounded, 82% to hit)
The searing ray hits the gnoll!
You kill the gnoll! (Press . to maintain the ray.)
Your Spellcasting skill increases to level 5!
Your Conjurations skill increases to level 5!
The searing ray hits the gnoll.
The gnoll is moderately wounded.
The gnoll hits you from afar with a +0 spear!
Ouch! That really hurt!
The searing ray hits the gnoll.
The gnoll is lightly wounded.
The searing ray hits the gnoll.
The gnoll is severely wounded.
The gnoll hits you from afar with a +0 spear.
The gnoll hits you with a +0 whip.
* * * LOW HITPOINT WARNING * * *
Casting: Searing Ray (safe; 1% risk of failure)
Confirm with . or Enter, or press ? or * to list all spells.
Restarting spell: Searing Ray (safe; 1% risk of failure)
Press: ? - help, Shift-Dir - straight line, f - gnoll
Aim: a gnoll, wielding a +0 whip (lightly wounded, 82% to hit)
The searing ray hits the gnoll.
The gnoll is severely wounded. (Press . to maintain the ray.)
The gnoll hits you from afar with a +0 spear.
You die...

#....# ###### #....# ##
#..... ##....######. #.....
#..##.....##. .....
###.######..##. ..). #...#
#.###. #.g ##.### #.##..
#g##..########.##..
#.@................
#>.†.#............##.#.
.†.................##.#.
.....#.............##.#.
.......#...........##.#.
............>.....###.#. ##.
.#..........................
##.. .#...
..>....####.###.###.#.
#..##..... .. .........#
#.......


You could see 2 gnolls.

Vanquished Creatures
  A gnoll (D:3)
  An adder (D:2)
  3 dart slugs (D:1)
  An orc (D:3)
  3 ball pythons
  3 bats (D:1)
  2 endoplasms (D:2)
  A giant cockroach (D:1)
  3 hobgoblins (D:1)
  A quokka (D:3)
  A frilled lizard (D:2)
  6 goblins
  3 kobolds
  3 rats
32 creatures vanquished.

Notes
Turn   | Place    | Note
-------+----------+-------------------------------------------
     0 | D:1      | ChaosChampion the Deep Elf Conjurer began the quest for the
                  | Orb.
     0 | D:1      | Reached XP level 1. HP: 10/10 MP: 6/6
   357 | D:1      | Reached XP level 2. HP: 15/15 MP: 4/8
   653 | D:1      | Learned a level 2 spell: Searing Ray
   947 | D:1      | You fall into a shaft and drop 1 floor!
   993 | D:2      | Reached XP level 3. HP: 16/19 MP: 1/10
  1881 | D:3      | Found a faded altar of an unknown god.
  2064 | D:3      | Reached skill level 5 in Spellcasting
  2064 | D:3      | Reached skill level 5 in Conjurations
  2066 | D:3      | Slain by a gnoll

Illustrated notes

Levels and vault maps discovered:
D:1:      sevenhm_arrival_forest_fort_large_2, layout_loops_corners
D:2:      layout_basic
D:3:      layout_rooms, shapermc_ecumenical_altar_pompeii

Skill      XL: |  1  2  3 |
---------------+----------+-----
Spellcasting   | 4 5 |  5.0
Conjurations   | 5 |  5.0
Dodging        | |  2.4
Stealth        | |  2.4

Action                   || total
-------------------------++-------
 Cast: Magic Dart        ||    58
       Searing Ray       ||     4
Armor: Robe              ||     5
Dodge: Dodged            ||     6

Table legend: (Time is in decaauts)
 A = Elapsed time spent in this place.
 B = Non-inter-level travel time spent in this place.
 C = Inter-level travel time spent in this place.
 D = Time resting spent in this place.
 E = Time spent auto-exploring this place.
 F = Levels seen in this place.
 G = Mean time per level.
                   A        B        C        D        E       F      G
               +--------+--------+--------+--------+--------+-----+--------+
         Total |   2066 |   2028 |     38 |      0 |   1810 |   3 |  688.7 |
       Dungeon |   2066 |   2028 |     38 |      0 |   1810 |   3 |  688.7 |
               +--------+--------+--------+--------+--------+-----+--------+

Top non-repeatable levels by time:
     D:1: 1271 daAuts
     D:2: 520 daAuts
     D:3: 274 daAuts
